 Dungeon Crawl Stone Soup version 0.29.1-2-gbd0b4ee654 (webtiles) character file.

Game seed: 1820404695375097625

63 GeoRichter the Trooper (level 4, -1/48 HPs)
             Began as an Ogre Fighter on Nov 5, 2022.
             Succumbed to Sigmund's poison
             ... on level 1 of the Dungeon.
             The game lasted 00:01:45 (1874 turns).

GeoRichter the Trooper (Ogre Fighter)               Turns: 1874, Time: 00:01:46

Health: -1/48      AC:  3    Str: 22    XL:     4   Next: 10%
Magic:  4/4        EV:  8    Int:  9    God:
Gold:   60         SH:  7    Dex:  8    Spells: 3/3 levels left

rFire   . . .      SeeInvis .   a - +0 flail
rCold   . . .      Faith    .   c - +0 kite shield
rNeg    . . .      Spirit   .   b - +0 robe
rPois   .          Reflect  .   (helmet restricted)
rElec   .          Harm     .   (no cloak)
rCorr   .          Rampage  .   (gloves unavailable)
Will    .....                   (boots unavailable)
Stlth   +.........              (no amulet)
HPRegen 0.16/turn               (no ring)
MPRegen 0.09/turn               (no ring)

@: lethally poisoned (-1 -> -14), hasted, very quick
A: large, unfitting armour, tough skin 1
a: no special abilities


You were on level 1 of the Dungeon.
You visited 1 branch of the dungeon, and saw 2 of its levels.

You collected 60 gold pieces.

Inventory:

Hand Weapons
 a - a +0 flail (weapon)
Missiles
 i - 4 poisoned darts (quivered)
Armour
 b - a +0 robe (worn)
 c - a +0 kite shield (worn)
Wands
 m - a wand of flame (21)
   (You took it off Jessica on level 2 of the Dungeon)
Scrolls
 e - 4 scrolls of identify {unknown}
 h - a scroll of blinking {unknown}
 k - 2 scrolls of noise {unknown}
 l - a scroll of immolation {unknown}
 n - a scroll of fear {unknown}
Potions
 d - a potion of might
 f - a potion of mutation {unknown}
 j - a potion of flight {unknown}


   Skills:
 - Level 4.0 Fighting
 * Level 3.9 Maces & Flails
 - Level 2.6 Dodging
 - Level 3.0 Shields


You had 3 spell levels left.
You didn't know any spells.
Your spell library was empty.

Dungeon Overview and Level Annotations

Branches:
Dungeon (2/15) Zot: 10090

Altars:

Annotations:
D:2 Sigmund


Innate Abilities, Weirdness & Mutations

You are too large for most types of armour.
You have tough skin. (AC +1)


Message History

Jessica is nearby!
You throw a poisoned dart. The poisoned dart hits Jessica.
Jessica is poisoned.
You closely miss Jessica. Jessica hits you with a +0 dagger.
You closely miss Jessica. Jessica closely misses you.
You block Jessica's attack.
You hit Jessica.
You kill Jessica!
You have reached level 4!
m - a wand of flame (21)
Things that are here:
a +0 dagger; a +0 robe
i - 4 poisoned darts (gained 1)
You open the door.
There is an open door here.
Found a stone staircase leading down.
Found a scroll labelled ORACUR HOIHOBBE.
n - a scroll labelled ORACUR HOIHOBBE You open the door.
There is an open door here.
You open the door.
Found a stone staircase leading up.
There is an open door here.
Sigmund the Dreaded comes into view.
He is wielding a +2 scythe of venom.
Found a scroll labelled REUSAT COSIMU.
Sigmund shouts!
Sigmund points at you and mumbles some strange words.
The magic dart hits you. Sigmund casts a spell at you.
You are confused.
There is a stone staircase leading up here.
In your confused state, you trip and fall back down the stairs.
Sigmund hits you from afar with a +2 scythe of venom.
You are poisoned.
You feel sick.
Sigmund points at you and mumbles some strange words.
The puff of flame hits you!
In your confused state, you trip and fall back down the stairs.
You feel sick.
Sigmund hits you from afar with a +2 scythe of venom!
* * * LOW HITPOINT WARNING * * *
You are lethally poisoned!
You feel less confused.
* * * LOW HITPOINT WARNING * * *
You feel very sick.
You climb upwards.
* * * LOW HITPOINT WARNING * * *
You feel very sick.
There is a stone staircase leading down here.
It was a potion of haste.
You feel yourself speed up.
You die...

#.# #.####...#### ##.#
#.##......... ##..#
#.##.#...#... ##...#####
#####(##.##.##.##
#........###.>.........##.#.
##....###.##.#########.#....
##..## ##.#.# ##.#..#.
######.##
##..########.......
###......#
#@................
.........##
##.#.#######.......
.##.####..## ##.##.#
##.#)#.# .##.# #.#.###.###.#
#.#.#.# .##.#
#.##...####.########.#.#.#
.##.##
#.##.#...............#.#.#
.##..#
#...........##########.#.#
.###.#####..######## #...#.#
........##..# #.##...


There were no monsters in sight!

Vanquished Creatures
  Jessica (D:2)
  An adder (D:2)
  A dart slug (D:2)
  A ball python (D:1)
  4 endoplasms
  4 hobgoblins
  A quokka (D:1)
  4 bats
  2 frilled lizards
  6 kobolds
  3 rats
28 creatures vanquished.

Notes
Turn   | Place    | Note
-------+----------+-------------------------------------------
     0 | D:1      | GeoRichter the Ogre Fighter began the quest for the Orb.
     0 | D:1      | Reached XP level 1. HP: 24/24 MP: 1/1
   690 | D:1      | Reached XP level 2. HP: 22/32 MP: 2/2
  1590 | D:2      | Reached XP level 3. HP: 39/39 MP: 3/3
  1774 | D:2      | Noticed Jessica
  1785 | D:2      | Killed Jessica
  1786 | D:2      | Reached XP level 4. HP: 41/48 MP: 4/4
  1866 | D:2      | Noticed Sigmund
  1873 | D:1      | HP: 2/48 [poisoned by Sigmund]
  1874 | D:1      | Succumbed to Sigmund's poison

Illustrated notes

Levels and vault maps discovered:
D:1:      minmay_arrival_statue_studded, layout_loops_ring
D:2:      layout_basic, basic_altar, feat_on_display, uniq_sigmund, uniq_jessica

Skill      XL: |  1  2 |
---------------+-------+-----
Maces & Flails | 2 3 |  3.9
Fighting       | |  4.0
Dodging        | |  2.6
Shields        | |  3.0

Action                   |  1- 3 |  4- 6 || total
-------------------------+-------+-------++-------
Melee: Flail             |    86 |       ||    86
Throw: Dart              |     1 |       ||     1
  Use: Potion            |       |     1 ||     1
Armor: Robe              |    22 |       ||    22
Dodge: Dodged            |    43 |       ||    43
Block: Kite shield       |    31 |       ||    31
